 Dungeon Sprint DCSS version 0.21-a0-426-g98080a9 (webtiles) character file.

1901 Kidiri the Fighter (level 8, -3/79 HPs)
             Began as a Purple Draconian Transmuter on Nov 6, 2017.
             Was a Priest of Sif Muna.
             Slain by a deep troll (13 damage)
             ... in the Dungeon (Sprint I: "Red Sonja").
             The game lasted 00:03:08 (1109 turns).

Kidiri the Fighter (Purple Draconian Transmuter)    Turns: 1109, Time: 00:03:08

Health: -3/79      AC:  6    Str: 14    XL:     8   Next: 94%
Magic:  13/18      EV: 15    Int: 13    God:    Sif Muna [***...]
Gold:   405        SH:  0    Dex: 13    Spells: 6/21 levels left

rFire    . . .     SeeInvis .     - Unarmed
rCold    . . .     Gourm    .   (shield currently unavailable)
rNeg     . . .     Faith    .   (armour unavailable)
rPois    .         Spirit   .   (helmet restricted)
rElec    .         Reflect  .   (no cloak)
rCorr    .         Harm     .   (gloves currently unavailable)
MR       +....     NoTele   +   (no boots)
Stlth    +++.......             (no amulet)
HPRegen  0.23/turn              (no ring)
MPRegen  0.16/turn              (no ring)

@: blade hands (expiring)
A: breathe power, unfitting armour, cold-blooded, AC +6
a: Breathe Dispelling Energy, End Transformation, Divine Energy, Channel Magic,
Renounce Religion


You were in the Dungeon.
You worshipped Sif Muna.
Sif Muna was most pleased with you.
You were not hungry.
You had blades for hands.
You visited 1 branch You collected 405 gold pieces.

Inventory:

Missiles
 a - 73 arrows
Wands
 h - a wand of polymorph (6/24)
 j - a wand of enslavement (7/24)
 l - a wand of iceblast (9/15)
Scrolls
 i - a scroll of blinking
Potions
 e - a potion of flight {unknown}
 f - a potion of haste
 g - 2 potions of magic
Books
 b - a book of Changes

   Spells                             Type                      Level
   a - Beastly Appendage              Transmutation                1
   b - Sticks to Snakes               Transmutation                2
   c - Spider Form                    Transmutation/Poison         3
   d - Ice Form                       Ice/Transmutation            4
   e - Blade Hands                    Transmutation                5
Comestibles
 c - 8 chunks of flesh
 k - a bread ration


   Skills:
 * Level 9.7 Fighting
 + Level 6.1 Dodging
 + Level 6.1 Stealth
 * Level 9.4 Unarmed Combat
 + Level 7.3 Spellcasting
 * Level 9.1 Transmutations
 + Level 4.6 Ice Magic
 + Level 5.3 Poison Magic


You had 6 spell levels left.
You knew the following spells:

 Your Spells              Type           Power        Failure   Level  Hunger
a - Beastly Appendage     Tmut           ####..       11%         1    None
b - Sticks to Snakes      Tmut           ####....     12%         2    #......
c - Spider Form           Tmut/Pois      ###.......   22%         3    ##.....
d - Ice Form              Ice/Tmut       ###.....     43%         4    ####...
e - Blade Hands           Tmut           ####......   45%         5    ######.


Dungeon Overview and Level Annotations

Branches:
Dungeon (1/1)

Altars:
Cheibriados
Dithmenos
Elyvilon
Fedhas
Gozag
Hepliaklqana
Kikubaaqudgha
Makhleb
Nemelex Xobeh
Okawaru
Qazlal
Ru
Sif Muna
Trog
Uskayaw
Vehumet
Wu Jian
Xom
Yredelemnul
Zin
The Shining One
Jiyva
Lugonu

Shops:
D =

Annotations:
D exclusion: door


Innate Abilities, Weirdness & Mutations

You can breathe bolts of dispelling energy.
Your rich purple scales are hard. (AC +6)
You cannot fit into any form of body armour.
You are cold-blooded and may be slowed by cold attacks.


Message History

Casting: Blade Hands
Confirm with . or Enter, or press ? or * to list all spells.
You create 2 snakes!
You now have 73 arrows.
The deep troll completely misses you. The deep troll claws you!
* * * LOW HITPOINT WARNING * * *
The deep troll closely misses you.
Unknown command.
You swap places.
The deep troll bites your ball python!
Your ball python dies!
Your ball python misses the deep troll.
There is an open door here.
Unknown command.
You feel better.
Your ball python barely misses the deep troll.
Unknown command.
You closely miss the deep troll.
The deep troll is lightly wounded.
Your ball python barely misses the deep troll.
The deep troll closely misses you. The deep troll claws you!
You die...

#####################
<.#.)'..#.)'..#__#..+
..'..#.)'..#..+..+..#
..#####+#####'#__####
..####..#...#(####(§#
..#__####..##.#≈≈§.§#
..#_____##+#_.'§§§§§+
⌠⌠#_.∩...+..._#§§§§§#
###_..__##_.#+##@####
#_____###+#(#ST.[#
####### ####'###
+$§§$$+ #######


You could see a deep troll and a friendly ball python.

Vanquished Creatures
  2 centaur warriors (D)
  A slime creature (D)
  Sigmund (D)
  A yak (D)
  An ogre (D)
  A jelly (D)
  Ijyb (D)
8 creatures vanquished.

Notes
Turn   | Place    | Note
-------+----------+-------------------------------------------
     0 | D        | Kidiri the Draconian Transmuter began the quest for the Orb.
     0 | D        | Reached XP level 1. HP: 16/16 MP: 3/3
     3 | D        | Noticed Ijyb
    56 | D        | Killed Ijyb
    56 | D        | Reached skill level 1 in Stealth
    56 | D        | Reached XP level 2. HP: 14/25 MP: 3/5
    64 | D        | Learned a level 2 spell: Sticks to Snakes
   278 | D        | Noticed an ogre
   285 | D        | Killed an ogre
   285 | D        | Reached skill level 5 in Unarmed Combat
   285 | D        | Reached XP level 3. HP: 17/34 MP: 0/7
   285 | D        | Reached XP level 4. HP: 20/41 MP: 0/8
   354 | D        | Learned a level 3 spell: Spider Form
   469 | D        | Noticed Sigmund
   480 | D        | Killed Sigmund
   480 | D        | Reached skill level 5 in Transmutations
   480 | D        | Reached XP level 5. HP: 30/50 MP: 6/11
   487 | D        | Learned a level 4 spell: Ice Form
   603 | D        | Found an ornate altar of the Wu Jian Council.
   603 | D        | Found a deep blue altar of Sif Muna.
   605 | D        | Found a radiant altar of Vehumet.
   611 | D        | Reached XP level 6. HP: 41/57 MP: 9/12
   619 | D        | Became a worshipper of Sif Muna the Loreminder
   693 | D        | Found Joucoucs's Jewellery Emporium.
   693 | D        | Found an ancient bone altar of Kikubaaqudgha.
   693 | D        | Found a hazy altar of Hepliaklqana.
   693 | D        | Found a stormy altar of Qazlal.
   693 | D        | Found a hide-covered altar of Uskayaw.
   693 | D        | Found a blossoming altar of Fedhas.
   693 | D        | Found a bloodstained altar of Trog.
   693 | D        | Found an iron altar of Okawaru.
   693 | D        | Found a basalt altar of Yredelemnul.
   693 | D        | Found a glowing golden altar of the Shining One.
   693 | D        | Found a snail-covered altar of Cheibriados.
   693 | D        | Found a sacrificial altar of Ru.
   693 | D        | Found a glowing silver altar of Zin.
   693 | D        | Found a shadowy altar of Dithmenos.
   693 | D        | Found a white marble altar of Elyvilon.
   693 | D        | Noticed a yak
   694 | D        | Found an opulent altar of Gozag.
   700 | D        | Killed a yak
   700 | D        | Reached skill level 1 in Ice Magic
   701 | D        | Found a sparkling altar of Nemelex Xobeh.
   788 | D        | Found a burning altar of Makhleb.
   788 | D        | Found a viscous altar of Jiyva.
   788 | D        | Found a shimmering altar of Xom.
   788 | D        | Found a corrupted altar of Lugonu.
   788 | D        | Noticed a slime creature
   795 | D        | Killed a slime creature
   795 | D        | Reached * piety under Sif Muna
   795 | D        | Your scales start taking on a rich purple colour.
   795 | D        | Reached skill level 5 in Spellcasting
   795 | D        | Reached XP level 7. HP: 67/67 MP: 10/15
   802 | D        | Learned a level 5 spell: Blade Hands
   916 | D        | Noticed a centaur warrior
   917 | D        | Noticed a centaur warrior
   927 | D        | Killed a centaur warrior
   927 | D        | Reached ** piety under Sif Muna
   927 | D        | Reached skill level 5 in Dodging
   927 | D        | Reached skill level 5 in Stealth
   927 | D        | Reached XP level 8. HP: 58/77 MP: 12/18
   931 | D        | Killed a centaur warrior
   931 | D        | Reached *** piety under Sif Muna
   931 | D        | Reached skill level 5 in Poison Magic
  1097 | D        | Noticed a deep troll
  1106 | D        | HP: 2/79 [deep troll (13)]
  1109 | D        | Slain by a deep troll

Vault maps used:
D:        dungeon_sprint_1

Skill      XL: |  1  2  3  4  5  6  7  8 |
---------------+-------------------------+-----
Fighting       | 2 4 6 7 8 9 |  9.7
Dodging        | 2 3 4 5 6 |  6.1
Stealth        | 1 2 3 4 5 6 |  6.1
Unarmed Combat | 4 5 6 7 8 9 |  9.4
Transmutations | 3 4 5 6 7 8 9 |  9.1
Spellcasting   | 3 4 5 6 7 |  7.3
Poison Magic   | 2 3 4 5 |  5.3
Ice Magic      | 2 3 4 |  4.6

Action                   |  1- 3 |  4- 6 |  7- 9 || total
-------------------------+-------+-------+-------++-------
Melee: Unarmed           |    54 |    23 |    18 ||    95
       Tailslap          |     2 |       |     1 ||     3
       Headbutt          |     1 |       |       ||     1
       Kick              |     2 |       |       ||     2
       Punch             |       |     1 |     1 ||     2
 Cast: Beastly Appendage |     3 |       |       ||     3
       Sticks to Snakes  |     2 |       |     1 ||     3
       Spider Form       |       |     3 |       ||     3
       Ice Form          |       |     1 |       ||     1
       Blade Hands       |       |       |     2 ||     2
  Use: Potion            |     1 |       |     2 ||     3
 Stab: Sleeping          |       |     2 |     1 ||     3
  Eat: Bread ration      |       |       |     1 ||     1
Armor: Skin              |     1 |     1 |     7 ||     9
Dodge: Dodged            |    29 |    10 |    20 ||    59

Table legend:
 A = Spawn XP
 B = Non-spawn XP
 C = Spawn XP percentage of total XP
 D = Spawn monster count
 E = Non-spawn monster count
 F = Spawn count percentage of total count
 G = Total turns spent on level
                    A         B        C        D         E        F      G
               +---------+---------+-------+---------+---------+-------+---------
         Total |       0 |    2716 |   0.0 |       0 |       8 |   0.0 |  1109
               +---------+---------+-------+---------+---------+-------+---------
             D |       0 |    2716 |   0.0 |       0 |       8 |   0.0 |  1109
               +---------+---------+-------+---------+---------+-------+---------
